 Dungeon Crawl Stone Soup version 0.26.0-3-g156281e41b (webtiles) character file.

Game seed: 8457879704085396795

462 Anias the Covert (level 7, -4/36 (48) HPs)
             Began as an Octopode Delver on Jan 10, 2021.
             Was an Initiate of Makhleb.
             Slain by an orc
             ... wielding a +0 dagger
              (5 damage)
             ... on level 6 of the Dungeon.
             The game lasted 00:08:04 (4687 turns).

Anias the Covert (Octopode Delver)                  Turns: 4687, Time: 00:08:05

HP:   -4/36 (48)    AC:  1    Str: 10 (12) XL:     7   Next: 7%
MP:   7/7           EV: 14    Int: 10 (12) God:    Makhleb [......]
Gold: 124           SH:  0    Dex: 13 (15) Spells: 6/6 levels left

rFire    + . .     SeeInvis .   a - +0 falchion
rCold    . . .     Faith    .   (no shield)
rNeg     . . .     Spirit   .   (helmet restricted)
rPois    .         Reflect  .   (no amulet)
rElec    .         Harm     .   (no ring)
rCorr    .         Rampage  .   (no ring)
Will     .....     Rnd*Rage +   (no ring)
Stlth    +++++.....             (no ring)
HPRegen  0.12/turn              (no ring)
MPRegen  0.10/turn              (no ring)
                                (no ring)
                                (no ring)

@: brilliant, hasted, very heavily drained, very quick
A: almost no armour, stealthy swim, amphibious, 8 rings, constrict 8, camouflage
1, berserk 1, fire resistance 1, gelatinous body 1, MP-powered wands
a: Renounce Religion


You were on level 6 of the Dungeon.
You worshipped Makhleb.
Makhleb was noncommittal.
You visited 1 branch of the dungeon, and saw 7 of its levels.

You collected 332 gold pieces.
You spent 208 gold pieces at shops.

Inventory:

Hand Weapons
 a - a +0 falchion (weapon)
Missiles
 o - 7 silver boomerangs (quivered)
Jewellery
 p - a cursed -4 ring of dexterity {unknown}
Wands
 f - a wand of digging (3)
 t - a wand of enslavement (8)
Scrolls
 b - 2 scrolls of fog
 c - a scroll of magic mapping
 d - 2 scrolls of fear
 g - 3 scrolls of random uselessness {unknown}
 h - 7 scrolls of teleportation
 i - 7 scrolls of identify
 j - a scroll of remove curse {unknown}
 l - a scroll of amnesia {unknown}
 n - a scroll of enchant weapon {unknown}
 s - a scroll of blinking


   Skills:
 + Level 4.1 Fighting
 + Level 3.8 Long Blades
 + Level 2.8 Dodging
 + Level 9.9 Stealth


You had 6 spell levels left.
You didn't know any spells.
Your spell library was empty.

Dungeon Overview and Level Annotations

Branches:
Dungeon (7/15)
 Temple: D:4-7

Altars:
Ashenzari
Hepliaklqana
Makhleb
Uskayaw
Wu Jian
Xom

Shops:
D:4 !!?


Innate Abilities, Weirdness & Mutations

You cannot wear most types of armour.
You are very stealthy in the water. (Stealth+)
You are amphibious.
You can wear up to eight rings at the same time.
You can use your tentacles to constrict eight enemies at once.
Your skin changes colour to match your surroundings (Stealth+).
Your rubbery body absorbs attacks. (AC +1, EV +1)
You tend to lose your temper in combat.
Your flesh is heat resistant. (rF+)
You expend magic power (3 MP) to strengthen your wands.


Message History

You feel less invigorated.
You feel less confused. The orc barely misses you.
You hit the orc but do no damage. You grab the orc.
You constrict the orc, but do no damage.
The orc warrior closely misses you.
You riposte.
You completely miss the orc warrior. Your grab misses the orc warrior.
The orc warrior is moderately wounded.
You hit the orc but do no damage.
You constrict the orc, but do no damage.
The orc hits you with a +0 dagger.
* * * LOW HITPOINT WARNING * * *
The orc warrior hits you with a +1 dire flail of draining!
* * * LOW HITPOINT WARNING * * *
You feel drained.
* * * LOW HITPOINT WARNING * * *
You aren't carrying any potions.
You barely miss the orc. Your squeeze misses the orc. You constrict the orc.
The orc hits you with a +0 dagger.
You die...

..######## ###
...o.....###....
########.#......
######.........
#####o@o....#.#..#.
.............#.# ..
##.##..#....>.)#
#..#.#...#.#
......#...#...
###.............#
...#.##.#.##.###
##.... ....# #
......######


You could see an orc warrior and an orc.

Vanquished Creatures
  A centaur (D:7)
  A water moccasin skeleton (D:6)
  2 hounds (D:4)
  A jelly (D:2)
  A bullfrog skeleton (D:4)
  Jessica (D:3)
  An iguana (D:4)
  2 worker ants
  4 adders
  5 worms
  2 dart slugs (D:2)
  2 leopard geckos
  2 orcs
  4 giant cockroaches
  6 goblins
  10 hobgoblins
  4 jackals
  3 ball pythons
  3 bats (D:2)
  4 frilled lizards
  8 kobolds
  4 rats
71 creatures vanquished.

Vanquished Creatures (others)
  4 plants (D:2)
4 creatures vanquished.

Grand Total: 75 creatures vanquished

Notes
Turn   | Place    | Note
-------+----------+-------------------------------------------
     0 | D:5      | Anias the Octopode Delver began the quest for the Orb.
     0 | D:5      | Reached XP level 1. HP: 16/16 MP: 1/1
    17 | D:5      | Found a broken altar of Ashenzari.
    19 | D:4      | Found Kuineir's Distillery.
    28 | D:4      | Reached skill level 7 in Stealth
    28 | D:4      | Reached XP level 2. HP: 4/21 MP: 2/2
    28 | D:4      | Reached XP level 3. HP: 5/26 MP: 3/3
   589 | D:3      | Noticed Jessica
   594 | D:3      | Killed Jessica
   595 | D:3      | Reached skill level 8 in Stealth
   595 | D:3      | Reached XP level 4. HP: 26/31 MP: 4/4
   716 | D:3      | Found an ornate altar of the Wu Jian Council.
  1216 | D:3      | Found a shimmering altar of Xom.
  1217 | D:3      | Found a hazy altar of Hepliaklqana.
  1218 | D:3      | Noticed a spectral ugly thing
  1797 | D:4      | Reached XP level 5. HP: 36/36 MP: 5/5
  2237 | D:2      | Reached skill level 9 in Stealth
  2314 | D:2      | Found a hide-covered altar of Uskayaw.
  3326 | D:1      | Reached XP level 6. HP: 43/43 MP: 6/6
  3541 | D:4      | Found Suunienn's Magic Scroll Emporium.
  3546 | D:4      | Bought a scroll of blinking for 105 gold pieces
  3546 | D:4      | Bought a scroll of identify for 28 gold pieces
  3546 | D:4      | Bought a scroll of teleportation for 42 gold pieces
  3633 | D:4      | Found Kaibaxea's Distillery.
  3639 | D:4      | Bought a potion of curing for 33 gold pieces
  3675 | D:4      | Got a flickering lead amulet
  3681 | D:4      | Identified the amulet of Waofryop {Inacc rF+} (You found it
                  | on level 4 of the Dungeon)
  4313 | D:5      | Found a burning altar of Makhleb.
  4373 | D:5      | Became a worshipper of Makhleb the Destroyer
  4421 | D:5      | You fall into a shaft and drop 2 floors!
  4597 | D:7      | Noticed a sky beast
  4611 | D:6      | Reached XP level 7. HP: 29/48 MP: 7/7
  4661 | D:6      | Gained mutation: You expend magic power (3 MP) to
                  | strengthen your wands. [potion of mutation]
  4661 | D:6      | Gained mutation: You tend to lose your temper in combat.
                  | [potion of mutation]
  4661 | D:6      | Gained mutation: Your flesh is heat resistant. (rF+)
                  | [potion of mutation]
  4686 | D:6      | HP: 1/36 [orc warrior/+1 dire flail of draining (1)]
  4687 | D:6      | Slain by an orc

Illustrated notes

Levels and vault maps discovered:
D:1:      eino_arrival_tree_alley, layout_basic
D:2:      minmay_angry_zag, layout_rooms, general_overflow_altar,
          serial_bayou_pond_b, nrook_mini_backslash
D:3:      minmay_wonky_spiral, layout_loops_ring,
          regret_index_temple_of_mockery, lemuel_round_altar, uniq_jessica
D:4:      layout_basic, serial_shops, shop, shop, shop,
          kennysheep_generic_room_16
D:5:      layout_basic, minitemple, minmay_temple_entry_hall
D:6:      layout_loops_cross, marbit_many_paths, grunt_temple_overflow_open,
          basic_altar
D:7:      layout_loops_ring, uniq_harold

Skill      XL: |  1  2  3  4  5  6 |
---------------+-------------------+-----
Stealth        | 7 8 9 |  9.9
Long Blades    | 3 |  3.8
Fighting       | 4 |  4.1
Dodging        | |  2.8

Action                   |  1- 3 |  4- 6 |  7- 9 || total
-------------------------+-------+-------+-------++-------
Melee: Falchion          |    17 |   139 |    18 ||   174
       Tentacles         |     6 |    32 |     2 ||    40
       Constrict         |     5 |    41 |     2 ||    48
  Use: Potion            |       |     3 |     7 ||    10
 Stab: Sleeping          |     1 |    24 |       ||    25
Armor: Skin              |       |     9 |     1 ||    10
Dodge: Dodged            |     9 |    95 |    10 ||   114
       Rpst.: Falchion   |     2 |    25 |     2 ||    29
